| TOP OF THE 1ST |
|
Tacoma Cubs batting - Pitching for Hawaii Islanders : RHP Keith MacWhorter
|
|
Pitching: RHP Keith MacWhorter
|
|
|
Batting: LHB Robert Kraft
|
0-0: Called Strike 0-1: Called Strike 0-2: Strikes out looking
|
|
Batting: RHB Billy Cree
|
0-0: Called Strike 0-1: Ball 1-1: SINGLE (Groundball, 3D, EV 94.4 MPH)
|
|
Batting: LHB Willie Gonzalez
|
0-0: Ball 1-0: Ball 2-0: Called Strike 2-1: Ball 3-1: Base on Balls Billy Cree to second
|
|
Batting: LHB Dan Pasqua
|
0-0: Called Strike 0-1: Ball 1-1: Foul Ball, location: 2F 1-2: Strikes out looking
|
|
Batting: RHB Marty Castillo
|
0-0: Ball 1-0: Called Strike 1-1: Ball 2-1: Ball 3-1: Base on Balls Billy Cree to third Willie Gonzalez to second
|
|
Batting: LHB Tom Lombarski
|
0-0: Swinging Strike 0-1: Ground out 4-3 (Groundball, 4, EV 93.1 MPH)
|
| Top of the 1st over - 0 runs, 1 hit, 0 errors, 3 left on base; Tacoma 0 - Hawaii 0 |
| BOTTOM OF THE 1ST |
|
Hawaii Islanders batting - Pitching for Tacoma Cubs : RHP Joe Devitt
|
|
Pitching: RHP Joe Devitt
|
|
|
Batting: LHB Leo Sutherland
|
0-0: Called Strike 0-1: Ball 1-1: Called Strike 1-2: SOLO HOME RUN (Line Drive, 9D, EV 98.1 MPH), Distance : 351 ft
|
|
Batting: SHB Wayne Stone
|
0-0: Ball 1-0: Ground out 5-3 (Groundball, 5L, EV 105.0 MPH)
|
|
Batting: LHB Dom Fucci
|
0-0: Ball 1-0: Ball 2-0: Ball 3-0: Base on Balls
|
|
Batting: LHB Jerry Willard
|
0-0: Called Strike 0-1: Fly out, F3 (Line Drive, 3, EV 66.3 MPH)
|
|
Batting: RHB Joe Strain
|
0-0: Ground out 4-3 (Groundball, 34, EV 81.9 MPH)
|
| Bottom of the 1st over - 1 run, 1 hit, 0 errors, 1 left on base; Tacoma 0 - Hawaii 1 |
| TOP OF THE 2ND |
|
Tacoma Cubs batting - Pitching for Hawaii Islanders : RHP Keith MacWhorter
|
|
Batting: RHB Paul Szymarek
|
0-0: Called Strike 0-1: Ball 1-1: Swinging Strike 1-2: Strikes out swinging
|
|
Batting: LHB Bruce Bochte
|
0-0: Ball 1-0: Foul Ball, location: 2F 1-1: Swinging Strike 1-2: Fly out, F8 (Flyball, 8LS, EV 88.1 MPH)
|
|
Batting: RHB Tim Glass
|
0-0: Foul Ball, location: 2F 0-1: Ground out 1-3 (Groundball, 15, EV 62.5 MPH)
|
| Top of the 2nd over - 0 runs, 0 hits, 0 errors, 0 left on base; Tacoma 0 - Hawaii 1 |
| BOTTOM OF THE 2ND |
|
Hawaii Islanders batting - Pitching for Tacoma Cubs : RHP Joe Devitt
|
|
Batting: LHB Joe DeSa
|
0-0: Ball 1-0: SINGLE (Line Drive, 4D, EV 103.8 MPH)
|
|
Batting: LHB Paul Tomini
|
0-0: Foul Ball, location: 2F 0-1: Called Strike 0-2: Strikes out swinging
|
|
Batting: SHB Danny Torres
|
0-0: Ball Joe DeSa is caught stealing 2nd base 2-6 1-0: Foul Ball, location: 2F 1-1: Ball 2-1: Ball 3-1: Foul Ball, location: 2F 3-2: Ground out U3 (Groundball, 34, EV 99.4 MPH)
|
| Bottom of the 2nd over - 0 runs, 1 hit, 0 errors, 0 left on base; Tacoma 0 - Hawaii 1 |
| TOP OF THE 3RD |
|
Tacoma Cubs batting - Pitching for Hawaii Islanders : RHP Keith MacWhorter
|
|
Batting: LHB Robert Kraft
|
0-0: SINGLE (Line Drive, 7S, EV 100.0 MPH)
|
|
Batting: RHB Billy Cree
|
0-0: Ball 1-0: Swinging Strike 1-1: Called Strike Robert Kraft is caught stealing 2nd base 2-4 1-2: Fly out, F4 (Popup, 34D, EV 48.8 MPH)
|
|
Batting: LHB Willie Gonzalez
|
0-0: Called Strike 0-1: Foul Ball, location: 2F 0-2: Strikes out swinging
|
| Top of the 3rd over - 0 runs, 1 hit, 0 errors, 0 left on base; Tacoma 0 - Hawaii 1 |
| BOTTOM OF THE 3RD |
|
Hawaii Islanders batting - Pitching for Tacoma Cubs : RHP Joe Devitt
|
|
Batting: RHB Rob Teegarden
|
0-0: Ball 1-0: Ball 2-0: Foul Ball, location: 2F 2-1: Ball 3-1: Called Strike 3-2: Base on Balls
|
|
Batting: LHB Leo Sutherland
|
0-0: Called Strike 0-1: Ball 1-1: Fielders Choice at 2nd, 3-6 (Groundball, 3, EV 86.3 MPH)
|
|
Batting: SHB Wayne Stone
|
0-0: Called Strike 0-1: Fly out, F9 (Line Drive, 9D, EV 105.6 MPH)
|
|
Batting: LHB Dom Fucci
|
0-0: Ball 1-0: Ball 2-0: Swinging Strike 2-1: Called Strike 2-2: Foul Ball, location: 2F 2-2: Ball 3-2: Foul Ball, location: 2F 3-2: Foul Ball, location: 2F 3-2: Reached on error, E5 (Groundball, 5L, EV 82.5 MPH) Leo Sutherland to second
|
|
Batting: LHB Jerry Willard
|
0-0: Called Strike 0-1: Swinging Strike 0-2: Foul Ball, location: 2F 0-2: Fly out, F8 (Line Drive, 8RD, EV 92.5 MPH)
|
| Bottom of the 3rd over - 0 runs, 0 hits, 1 error, 2 left on base; Tacoma 0 - Hawaii 1 |
| TOP OF THE 4TH |
|
Tacoma Cubs batting - Pitching for Hawaii Islanders : RHP Keith MacWhorter
|
|
Batting: LHB Dan Pasqua
|
0-0: Ball 1-0: Ball 2-0: Ball 3-0: Called Strike 3-1: DOUBLE (Line Drive, 5D, EV 97.5 MPH)
|
|
Batting: RHB Marty Castillo
|
0-0: Ball 1-0: Ball 2-0: Ball 3-0: Called Strike 3-1: Base on Balls
|
|
Batting: LHB Tom Lombarski
|
0-0: Ball 1-0: Ball 2-0: Foul Ball, location: 2F 2-1: Foul Ball, location: 2F 2-2: Strikes out looking
|
|
Batting: RHB Paul Szymarek
|
0-0: Called Strike 0-1: Foul Ball, location: 2F 0-2: Foul Ball, location: 2F 0-2: Strikes out swinging
|
|
Batting: LHB Bruce Bochte
|
0-0: Called Strike 0-1: Ball 1-1: Ground out 2-3 (Groundball, 15S, EV 73.8 MPH)
|
| Top of the 4th over - 0 runs, 1 hit, 0 errors, 2 left on base; Tacoma 0 - Hawaii 1 |
| BOTTOM OF THE 4TH |
|
Hawaii Islanders batting - Pitching for Tacoma Cubs : RHP Joe Devitt
|
|
Batting: RHB Joe Strain
|
0-0: Ground out 6-3 (Groundball, 56D, EV 103.8 MPH)
|
|
Batting: LHB Joe DeSa
|
0-0: Ball 1-0: Called Strike 1-1: Ball 2-1: Ball 3-1: Called Strike 3-2: Ground out 1-3 (Groundball, 13S, EV 65.6 MPH)
|
|
Batting: LHB Paul Tomini
|
0-0: Called Strike 0-1: Ball 1-1: Ball 2-1: Called Strike 2-2: Ball 3-2: Base on Balls
|
|
Batting: SHB Danny Torres
|
0-0: Ball 1-0: Ball 2-0: Fielders Choice at 2nd, U4 (Groundball, 4M, EV 83.8 MPH)
|
| Bottom of the 4th over - 0 runs, 0 hits, 0 errors, 1 left on base; Tacoma 0 - Hawaii 1 |
| TOP OF THE 5TH |
|
Tacoma Cubs batting - Pitching for Hawaii Islanders : RHP Keith MacWhorter
|
|
Batting: RHB Tim Glass
|
0-0: Called Strike 0-1: Foul Ball, location: 2F 0-2: Foul Ball, location: 2F 0-2: SINGLE (Line Drive, 8RS, EV 91.3 MPH)
|
|
Batting: LHB Robert Kraft
|
0-0: Ball Tim Glass steals 2nd base 1-0: Ball 2-0: Called Strike 2-1: Ball 3-1: Base on Balls
|
|
Batting: RHB Billy Cree
|
0-0: Sac Bunt to 15 - play at first, batter OUT! 1-3 Tim Glass to third Robert Kraft to second
|
|
Batting: LHB Willie Gonzalez
|
0-0: Called Strike 0-1: Swinging Strike 0-2: Ball Wild Pitch! Tim Glass scores Robert Kraft to third 1-2: Strikes out looking
|
|
Batting: LHB Dan Pasqua
|
0-0: Called Strike 0-1: Ball 1-1: Ball 2-1: Called Strike 2-2: Ball 3-2: Foul Ball, location: 2F 3-2: Base on Balls
|
|
Batting: RHB Marty Castillo
|
0-0: Ball 1-0: Ground out 5-3 (Groundball, 56S, EV 81.9 MPH)
|
| Top of the 5th over - 1 run, 1 hit, 0 errors, 2 left on base; Tacoma 1 - Hawaii 1 |
| BOTTOM OF THE 5TH |
|
Hawaii Islanders batting - Pitching for Tacoma Cubs : RHP Joe Devitt
|
|
Batting: RHB Rob Teegarden
|
0-0: Ball 1-0: Ball 2-0: Ball 3-0: Called Strike 3-1: Foul Ball, location: 2F 3-2: Base on Balls
|
|
Batting: LHB Leo Sutherland
|
0-0: Ball 1-0: Called Strike 1-1: Ball 2-1: Foul Ball, location: 2F 2-2: SINGLE (Line Drive, 89S, EV 89.4 MPH) Rob Teegarden to second Runner from 2nd tries for 3rd, SAFE, throw by CF made to third
|
|
Batting: SHB Wayne Stone
|
0-0: Swinging Strike 0-1: Called Strike 0-2: Fielders Choice at 2nd, 6-4 (Groundball, 6M, EV 98.8 MPH) Rob Teegarden scores
|
|
Batting: LHB Dom Fucci
|
0-0: Ball 1-0: Foul Ball, location: 2F 1-1: Ball 2-1: Swinging Strike 2-2: Ball 3-2: Strikes out swinging Wayne Stone steals 2nd base (no throw) Batter strikes out.
|
|
Batting: LHB Jerry Willard
|
0-0: Called Strike 0-1: Swinging Strike 0-2: Ball 1-2: Strikes out looking
|
| Bottom of the 5th over - 1 run, 1 hit, 0 errors, 1 left on base; Tacoma 1 - Hawaii 2 |
| TOP OF THE 6TH |
|
Tacoma Cubs batting - Pitching for Hawaii Islanders : RHP Keith MacWhorter
|
|
Batting: LHB Tom Lombarski
|
0-0: Called Strike 0-1: Bunt missed! 0-2: Ball 1-2: Ball 2-2: Foul Ball, location: 2F 2-2: Foul Ball, location: 2F 2-2: Ball 3-2: Foul Ball, location: 2F 3-2: Base on Balls
|
|
Batting: RHB Paul Szymarek
|
0-0: Ball 1-0: Swinging Strike 1-1: Foul Ball, location: 2F 1-2: Ball 2-2: Foul Ball, location: 2F 2-2: Ball 3-2: Base on Balls Tom Lombarski to second
|
|
Batting: LHB Bruce Bochte
|
0-0: Fly out, F8 (Flyball, 8RM, EV 86.9 MPH)
|
|
Batting: RHB Tim Glass
|
0-0: Ball 1-0: Ball 2-0: Ball 3-0: Called Strike 3-1: Swinging Strike 3-2: Foul Ball, location: 2F 3-2: Ground out 5-3 (Groundball, 5S, EV 70.6 MPH) Tom Lombarski to third Paul Szymarek to second
|
|
Batting: LHB Robert Kraft
|
0-0: Ball 1-0: Swinging Strike 1-1: Ball 2-1: Ball 3-1: Base on Balls
|
|
Batting: RHB Billy Cree
|
0-0: Ball 1-0: Ground out 1-3 (Groundball, 15S, EV 67.5 MPH)
|
| Top of the 6th over - 0 runs, 0 hits, 0 errors, 3 left on base; Tacoma 1 - Hawaii 2 |
| BOTTOM OF THE 6TH |
|
Hawaii Islanders batting - Pitching for Tacoma Cubs : RHP Joe Devitt
|
|
Batting: RHB Joe Strain
|
0-0: Fly out, F8 (Line Drive, 8RD, EV 97.5 MPH)
|
|
Batting: LHB Joe DeSa
|
0-0: Ball 1-0: Ball 2-0: Called Strike 2-1: Fly out, F9 (Line Drive, 9D, EV 91.9 MPH)
|
|
Batting: LHB Paul Tomini
|
0-0: Ball 1-0: Called Strike 1-1: Ball 2-1: Ball 3-1: Base on Balls
|
|
Batting: SHB Danny Torres
|
0-0: Ball 1-0: Ball 2-0: 2-RUN HOME RUN (Flyball, 9D, EV 93.1 MPH), Distance : 348 ft
|
|
Batting: RHB Rob Teegarden
|
0-0: Ball 1-0: Swinging Strike 1-1: Fly out, F8 (Flyball, 8RD, EV 92.5 MPH)
|
| Bottom of the 6th over - 2 runs, 1 hit, 0 errors, 0 left on base; Tacoma 1 - Hawaii 4 |
| TOP OF THE 7TH |
|
Tacoma Cubs batting - Pitching for Hawaii Islanders : RHP Keith MacWhorter
|
|
Batting: LHB Willie Gonzalez
|
0-0: Called Strike 0-1: Ball 1-1: Called Strike 1-2: Ball 2-2: Fly out, F4 (Flyball, 34D, EV 85.0 MPH)
|
|
Batting: LHB Dan Pasqua
|
0-0: Called Strike 0-1: Called Strike 0-2: Foul Ball, location: 2F 0-2: Foul Ball, location: 2F 0-2: Strikes out swinging
|
|
Batting: RHB Marty Castillo
|
0-0: Ball 1-0: Ground out 6-3 (Groundball, 56, EV 98.8 MPH)
|
| Top of the 7th over - 0 runs, 0 hits, 0 errors, 0 left on base; Tacoma 1 - Hawaii 4 |
| BOTTOM OF THE 7TH |
|
Hawaii Islanders batting - Pitching for Tacoma Cubs : RHP Joe Devitt
|
|
Batting: LHB Leo Sutherland
|
0-0: Ball 1-0: Foul Ball, location: 2F 1-1: Bunt for hit to 2L - play at first, batter OUT! 2-3
|
|
Batting: SHB Wayne Stone
|
0-0: Ball 1-0: Fly out, F5 (Popup, 5SF, EV 81.3 MPH)
|
|
Batting: LHB Dom Fucci
|
0-0: Ball 1-0: Called Strike 1-1: Ball 2-1: Fly out, F7 (Flyball, 7D, EV 93.8 MPH)
|
| Bottom of the 7th over - 0 runs, 0 hits, 0 errors, 0 left on base; Tacoma 1 - Hawaii 4 |
| TOP OF THE 8TH |
|
Tacoma Cubs batting - Pitching for Hawaii Islanders : RHP Keith MacWhorter
|
|
Batting: LHB Tom Lombarski
|
0-0: Ball 1-0: Called Strike 1-1: Ball 2-1: Ground out 6-3 (Groundball, 6, EV 81.3 MPH)
|
|
Pitching: RHP LaMarr Hoyt
|
|
|
Batting: RHB Paul Szymarek
|
0-0: Ball 1-0: Foul Ball, location: 2F 1-1: Ball 2-1: Fly out, F6 (Popup, P, EV 89.4 MPH)
|
|
Batting: LHB Bruce Bochte
|
0-0: Foul Ball, location: 2F 0-1: Foul Ball, location: 2F 0-2: Foul Ball, location: 2F 0-2: Foul Ball, location: 2F 0-2: Ball 1-2: Ball 2-2: Strikes out swinging, 2-3 out at first.
|
| Top of the 8th over - 0 runs, 0 hits, 0 errors, 0 left on base; Tacoma 1 - Hawaii 4 |
| BOTTOM OF THE 8TH |
|
Hawaii Islanders batting - Pitching for Tacoma Cubs : RHP Joe Devitt
|
|
Batting: LHB Jerry Willard
|
0-0: Ball 1-0: Foul Ball, location: 2F 1-1: Swinging Strike 1-2: Ball 2-2: SINGLE (Line Drive, 9LS, EV 108.1 MPH)
|
|
Batting: RHB Joe Strain
|
0-0: Ball 1-0: Ball Wild Pitch! Jerry Willard to second 2-0: Called Strike 2-1: Ball 3-1: Called Strike 3-2: Foul Ball, location: 2F 3-2: Ground out 4-3 (Groundball, 4M, EV 104.4 MPH) Jerry Willard to third
|
|
Batting: LHB Joe DeSa
|
0-0: Foul Ball, location: 2F 0-1: Ball 1-1: Foul Ball, location: 2F 1-2: Strikes out looking
|
|
Batting: LHB Paul Tomini
|
0-0: Ball 1-0: Ball 2-0: Ball 3-0: Called Strike 3-1: Swinging Strike 3-2: SINGLE (Groundball, 34D, EV 103.8 MPH) Jerry Willard scores
|
|
Batting: SHB Danny Torres
|
0-0: Called Strike 0-1: Foul Ball, location: 2F 0-2: Ball 1-2: Ball 2-2: Ball 3-2: SINGLE (Flyball, 89S, EV 84.4 MPH) Paul Tomini to second Paul Tomini to third
|
|
Pitching: RHP Bernard Tensing
|
|
|
Batting: RHB Rob Teegarden
|
0-0: Called Strike 0-1: Foul Ball, location: 2F 0-2: Foul Ball, location: 2F 0-2: Strikes out swinging
|
| Bottom of the 8th over - 1 run, 3 hits, 0 errors, 2 left on base; Tacoma 1 - Hawaii 5 |
| TOP OF THE 9TH |
|
Tacoma Cubs batting - Pitching for Hawaii Islanders : RHP LaMarr Hoyt
|
|
Batting: RHB Tim Glass
|
0-0: SINGLE (Line Drive, 89M, EV 110.0 MPH)
|
|
Batting: LHB Robert Kraft
|
0-0: Ball 1-0: Ball 2-0: Ball 3-0: Called Strike 3-1: Base on Balls Tim Glass to second
|
|
Batting: RHB Billy Cree
|
0-0: Ball 1-0: Called Strike 1-1: Ball 2-1: Grounds into double play, 6-4-3 (Groundball, 6, EV 101.9 MPH) Tim Glass to third
|
|
Batting: LHB Willie Gonzalez
|
0-0: SINGLE (Flyball, 89S, EV 90.6 MPH) Tim Glass scores
|
|
Batting: LHB Dan Pasqua
|
0-0: Called Strike 0-1: Ball 1-1: Foul Ball, location: 2F 1-2: Ball 2-2: SINGLE (Groundball, 4MD, EV 101.9 MPH) (infield hit) Willie Gonzalez to second
|
|
Pitching: LHP Kevin Hickey
|
|
|
Batting: RHB Marty Castillo
|
0-0: Ball 1-0: Called Strike 1-1: Swinging Strike 1-2: Fly out, F7 (Flyball, 7LS, EV 96.3 MPH)
|
| Top of the 9th over - 1 run, 3 hits, 0 errors, 2 left on base; Tacoma 2 - Hawaii 5 |
|